[Event "*** Titled Tuesday Blitz"]
[Site "Chess.com"]
[Date "2020.04.07"]
[Round "3"]
[White "bascheyaro"]
[Black "Jeffinho023"]
[Result "1-0"]
[WhiteElo "2759"]
[BlackElo "2448"]
[TimeControl "180+1"]
[EndTime "13:29:08 PDT"]
[Termination "bascheyaro won by resignation"]

1. d4 Nf6 2. Nf3 d5 3. c4 c6 4. Nc3 e6 5. Bg5 Nbd7 6. e3 Qa5 7.
Bxf6 Nxf6 8. Qb3 Bd6 9. Bd3 Qb4 10. c5 Qxb3 11. axb3 Bc7 12. b4 b5 13. cxb6 Bxb6 14.
Ne5 Bb7 15. Ba6 Bxa6 16. Rxa6 Rc8 17. Na4 Nd7 18. Nxd7 Kxd7 19. Kd2 Rb8 20. Nxb6+ Rxb6 21. Rxa7+ Kd6 22. Rxf7 Rxb4 23. Rb1 g6 24. Kc3 Rc4+ 25.
Kd3 Rb4 26. b3 h6 27. Kc3 Rbb8 28. Ra1 Ra8 29. Rxa8 Rxa8 30. Kb2 Rg8 31. h4 h5 32. Rh7 g5 33. hxg5 Rxg5 34. g3 e5 35. dxe5+ Kxe5 36. f4+ 1-0

[Event "*** Titled Tuesday Blitz"]
[Site "Chess.com"]
[Date "2020.04.07"]
[Round "3"]
[White "FabianoCaruana"]
[Black "DrMelekess"]
[Result "1-0"]
[WhiteElo "3047"]
[BlackElo "2710"]
[TimeControl "180+1"]
[EndTime "13:29:09 PDT"]
[Termination "FabianoCaruana won on time"]

1. e4 d5 2. exd5 Qxd5 3. Nc3 Qd8 4. Nf3 Nf6 5. d4 c6 6. g3 Bg4 7. Bg2 e6 8. O-O Nbd7 9. h3 Bxf3 10. Qxf3 Be7 11. Ne2 O-O 12. c3 Re8 13. Rd1 Qb6 14. Qd3 Rad8 15. Qc2 e5 16. Be3 Qc7 17. Rd2 exd4 18.
Nxd4 Bc5 19. Bf4 Ne5 20. Rad1 Qb6 21. b4 Bxd4 22. Rxd4 Rxd4 23. Rxd4 Ng6 24. Be3 Qc7 25. Qd2 a6 26. a4 h6 27. a5 Qe7 28. Kh2 Qc7 29.
c4 Qe7 30. c5 Qe6 31. Rd6 Qe7 32. Qd4 Qe5 33. b5 axb5 34. a6 bxa6 35. Bxc6 Qxd4 36.
Rxd4 Rc8 37. Bb7 Rc7 38. Bxa6 Ne7 39. Rd8+ Kh7 40. Bxb5 Nf5 41. Bd3 g6 42. Bxf5 gxf5 43.
Bd4 Kg6 44. Rd6 1-0

[Event "*** Titled Tuesday Blitz"]
[Site "Chess.com"]
[Date "2020.04.07"]
[Round "3"]
[White "iLuusions"]
[Black "Bad4life"]
[Result "1-0"]
[WhiteElo "2593"]
[BlackElo "2320"]
[TimeControl "180+1"]
[EndTime "13:29:11 PDT"]
[Termination "iLuusions won by resignation"]

1. d4 Nf6 2. c4 g6 3. Nc3 Bg7 4. e4 d6 5. h3 O-O 6. Bg5 c5 7. d5 e6 8. Bd3 exd5 9. cxd5 Re8 10.
Nf3 h6 11. Be3 Nh5 12. O-O Nd7 13. Nd2 Bd4 14. Bxh6 Ng3 15. Re1 Bxf2+ 16. Kxf2 Qh4 17. Be3 Ne5 18. Nf3 Nxe4+ 19. Kg1 Nxf3+ 20. Qxf3 f5 21. Bf2 Qh8 22. Bxe4 fxe4 23. Rxe4 Bf5 24. Rxe8+ Rxe8 25. Qf4 Re5 26. Re1 Qf6 27. g4 g5 28. Qf3 Rxe1+ 29.
Bxe1 Qd4+ 30. Bf2 Be4 31. Qxe4 1-0

[Event "*** Titled Tuesday Blitz"]
[Site "Chess.com"]
[Date "2020.04.07"]
[Round "3"]
[White "Berant"]
[Black "TregubovP"]
[Result "1-0"]
[WhiteElo "2335"]
[BlackElo "2450"]
[TimeControl "180+1"]
[EndTime "13:29:12 PDT"]
[Termination "Berant won by resignation"]

1. e4 e5 2. d4 exd4 3. Qxd4 Nc6 4. Qe3 Nf6 5. Nc3 Bb4 6. Bd2 O-O 7. O-O-O Re8 8. Qg3 d6 9. f3 a5 10. h4 Kh8 11. h5 h6 12. Nh3 a4 13. a3 Bc5 14.
Bc4 Ne5 15. Ba2 Be6 16. Bxe6 fxe6 17. Nf4 Qd7 18. Ng6+ Nxg6 19. hxg6 Kg8 20. e5 Nd5 21.
Ne4 Be3 22. c4 Bxd2+ 23. Rxd2 Ne3 24. Qf4 Nxc4 25. Nf6+ gxf6 26. exf6 Qc6 27. Qxh6 Nxd2+ 28. Kd1 1-0

[Event "*** Titled Tuesday Blitz"]
[Site "Chess.com"]
[Date "2020.04.07"]
[Round "3"]
[White "Kimster98"]
[Black "mjray79"]
[Result "1-0"]
[WhiteElo "2479"]
[BlackElo "2251"]
[TimeControl "180+1"]
[EndTime "13:29:12 PDT"]
[Termination "Kimster98 won by resignation"]

1. c4 Nf6 2. g3 g6 3. Bg2 Bg7 4. Nc3 O-O 5. e4 d6 6. Nge2 c5 7. O-O Nc6 8. d3 Ne8 9. Be3 Rb8 10. d4 cxd4 11. Nxd4 Nc7 12. Qd2 a6 13. b3 Ne6 14.
Nxe6 Bxe6 15. Rac1 Qd7 16. Nd5 f5 17. exf5 Bxf5 18. Rfe1 e5 19. c5 dxc5 20. Bxc5 Rfd8 21. Qe3 Qf7 22. Rcd1 Nd4 23. Ne7+ Kh8 24. Nxf5 Qxf5 25. Be4 Qh5 26. Bb6 Rf8 27. Kg2 Bh6 28. f4 Ne6 29. Bf3 Qf5 30. Qxe5+ Qxe5 31. Rxe5 Ng7 32. Rd7 Nf5 33. Be4 Bg7 34. Re6 Rfe8 35. Rxe8+ Rxe8 36. Bxf5 gxf5 37. Rxb7 Re2+ 38. Kf3 Re8 39. Bc7 Kg8 40.
Rb8 Rxb8 41. Bxb8 Kf7 42. Be5 Ke8 43. Bxg7 Kd7 44. Ke3 1-0

[Event "*** Titled Tuesday Blitz"]
[Site "Chess.com"]
[Date "2020.04.07"]
[Round "3"]
[White "FMAntonio"]
[Black "IMTominho"]
[Result "0-1"]
[WhiteElo "2545"]
[BlackElo "2795"]
[TimeControl "180+1"]
[EndTime "13:29:13 PDT"]
[Termination "IMTominho won by resignation"]

1. d4 d5 2. c4 c6 3. e3 Nf6 4.
Nc3 g6 5. Nf3 Bg7 6. Be2 O-O 7.
O-O a6 8. b3 Bg4 9. Bb2 e6 10.
h3 Bxf3 11. Bxf3 Re8 12. e4 dxe4 13. Nxe4 Nxe4 14. Bxe4 Nd7 15. Qc2 a5 16. Rad1 Nf6 17. Bf3 Rc8 18. Bc3 Qb6 19. Qd2 Ra8 20. Qb2 Nd7 21. d5 Bxc3 22. Qxc3 cxd5 23. cxd5 Rac8 24. Qd2 e5 25. d6 e4 26. Bg4 f5 27. Be2 Rcd8 28. Bc4+ Kg7 29. Qd5 Ne5 30. Bb5 Nc6 31. Rc1 e3 32. fxe3 Qxe3+ 33. Kh1 Re5 34. Qd3 Qxd3 35.
Bxd3 Rxd6 36. Bc4 b5 37. Bd3 Nb4 38. Bb1 Rd2 39. Rc7+ Kh6 40. Rf4 Re1+ 41. Kh2 Rxb1 42. Rh4+ Kg5 43. Rhxh7 Rbb2 44. h4+ Kg4 0-1

[Event "*** Titled Tuesday Blitz"]
[Site "Chess.com"]
[Date "2020.04.07"]
[Round "3"]
[White "vladislavkovalev"]
[Black "Hanging_pointer"]
[Result "0-1"]
[WhiteElo "2872"]
[BlackElo "2504"]
[TimeControl "180+1"]
[EndTime "13:29:13 PDT"]
[Termination "Hanging_pointer won on time"]

1. e4 c6 2. d4 d5 3. exd5 cxd5 4. Bd3 Nc6 5. c3 Nf6 6. h3 g6 7. Nf3 Bg7 8. O-O O-O 9. Re1 Bf5 10. Bf1 Rc8 11.
Na3 a6 12. Nc2 b5 13. a4 Qb6 14. Ne3 Be4 15. Ng5 b4 16. Nxe4 Nxe4 17. Nxd5 Qa5 18.
Nxb4 Nxb4 19. Rxe4 Nd5 20. Qf3 e6 21. Bd2 Rc6 22. Ree1 Qc7 23. Bd3 Rb8 24. Ra2 a5 25.
Bb5 Rd6 26. g3 Qa7 27. h4 h6 28. Re2 Rdd8 29. Kg2 Nc7 30. Bd3 Nd5 31. Bc1 Rb6 32. Be4 Qb7 33. c4 Rb3 34. Be3 Nxe3+ 35. Rxe3 Rxe3 36.
Bxb7 Rxf3 37. Kxf3 Rxd4 38. c5 Rc4 39. c6 Kf8 40.
Ke3 Ke7 41. Kd3 Rc5 42. Ra3 Bxb2 43. Rb3 Be5 44. Rb5 Rd5+ 0-1

[Event "*** Titled Tuesday Blitz"]
[Site "Chess.com"]
[Date "2020.04.07"]
[Round "3"]
[White "vanea_03"]
[Black "AquivaRubinstein"]
[Result "1-0"]
[WhiteElo "2621"]
[BlackElo "2397"]
[TimeControl "180+1"]
[EndTime "13:29:13 PDT"]
[Termination "vanea_03 won by checkmate"]

1. d4 Nf6 2. c4 c5 3. Nf3 cxd4 4.
Nxd4 e5 5. Nb5 d5 6. cxd5 Bc5 7. e3 O-O 8. Be2 a6 9. N5c3 e4 10. a3 Qe7 11. Nd2 Rd8 12. b4 Bd6 13. Bb2 b5 14. Qc2 Bf5 15. g4 Bxg4 16. Ncxe4 Nxe4 17. Qxe4 Bxe2 18. Kxe2 Nd7 19. Rhg1 Nf6 20. Qf5 Ne8 21. Rxg7+ Nxg7 22. Rg1 Qd7 23. Rxg7+ Kf8 24. Qxh7 Rdc8 25. Bf6 Ke8 26.
Rg8+ Bf8 27. Rxf8+ Kxf8 28. Qh8# 1-0

[Event "*** Titled Tuesday Blitz"]
[Site "Chess.com"]
[Date "2020.04.07"]
[Round "3"]
[White "BillieKimbah"]
[Black "Artem_Sadovsky"]
[Result "1-0"]
[WhiteElo "2871"]
[BlackElo "2634"]
[TimeControl "180+1"]
[EndTime "13:29:14 PDT"]
[Termination "BillieKimbah won on time"]

1. d4 g6 2. Nf3 Bg7 3. g3 d6 4. c4 e5 5. Nc3 Nc6 6. dxe5 Nxe5 7.
Nxe5 Bxe5 8. Bg2 Ne7 9. O-O O-O 10. Bh6 Re8 11. Qd2 Nf5 12. Bg5 f6 13. Bf4 c6 14.
Rad1 Qe7 15. Rfe1 Be6 16. b3 Rad8 17. e4 Bxf4 18. Qxf4 Ng7 19. Rd2 Bf7 20. Red1 Ne6 21. Qe3 a5 22. Qb6 Nc5 23. Qxa5 Ra8 24. Qb4 Red8 25. h4 Qc7 26. Ne2 Qe7 27. Nf4 g5 28. hxg5 fxg5 29. Nd3 Bg6 30. Nxc5 dxc5 31. Rxd8+ Rxd8 32. Rxd8+ Qxd8 33. Qxc5 Qd1+ 34. Bf1 Bxe4 35. Qxg5+ Bg6 36.
Kg2 Qc2 37. c5 Qe4+ 38. Kh2 1-0

[Event "*** Titled Tuesday Blitz"]
[Site "Chess.com"]
[Date "2020.04.07"]
[Round "3"]
[White "LimeInTheCoconut"]
[Black "Saloni1299"]
[Result "1/2-1/2"]
[WhiteElo "2506"]
[BlackElo "2173"]
[TimeControl "180+1"]
[EndTime "13:29:14 PDT"]
[Termination "Game drawn by repetition"]

1. Nf3 d5 2. d4 Nf6 3. c4 g6 4.
Nc3 Bg7 5. Bg5 Ne4 6. cxd5 Nxg5 7. Nxg5 e6 8. Nf3 exd5 9. e3 c6 10. Be2 Nd7 11. O-O Nf6 12. b4 Bf5 13. a4 Ne4 14.
Nxe4 dxe4 15. Nd2 O-O 16. Rc1 Qb6 17. Qb3 Rad8 18. Nc4 Qc7 19. b5 c5 20. Na3 b6 21.
dxc5 bxc5 22. Nc4 Rd7 23. a5 Rb8 24. b6 axb6 25. axb6 Qc6 26. Rb1 Be6 27. Rfc1 Rdb7 28. h3 Bxc4 29. Bxc4 Rxb6 30. Qa2 Rxb1 31. Rxb1 Rxb1+ 32. Qxb1 Bf8 33. Qb3 Qc7 34. Bd5 Kg7 35. Bxe4 Qe5 36. Qc4 Bd6 37. g3 h5 38. h4 Qa1+ 39. Kg2 Qe5 40. Bd5 Qf5 41. e4 Qe5 42. f4 Qd4 43. Bxf7 Qd2+ 44. Kf3 Qd1+ 45. Kg2 Qd2+ 46. Kf3 Qd1+ 47. Kg2 Qd2+ 1/2-1/2

[Event "*** Titled Tuesday Blitz"]
[Site "Chess.com"]
[Date "2020.04.07"]
[Round "3"]
[White "theprosecution1"]
[Black "Rish_97"]
[Result "1-0"]
[WhiteElo "2808"]
[BlackElo "2563"]
[TimeControl "180+1"]
[EndTime "13:29:15 PDT"]
[Termination "theprosecution1 won by resignation"]

1. e4 e5 2. Nf3 Nc6 3. Nc3 Nf6 4. Bb5 Bd6 5. a3 O-O 6. d3 Re8 7. g4 Nd4 8. g5 Nxb5 9. Nxb5 Nh5 10. Nxd6 cxd6 11.
Nh4 g6 12. Nf5 d5 13. Nh6+ Kg7 14. Qf3 Qe7 15. Bd2 d6 16. exd5 e4 17. Qe3 exd3 18.
O-O Qxe3 19. fxe3 f5 20. cxd3 Bd7 21. Rac1 Rac8 22. Bc3+ Kf8 23. e4 f4 24. Rxf4+ Nxf4 25. Rf1 Rxc3 26. bxc3 Ke7 27. Rxf4 Rf8 28. Rxf8 Kxf8 29.
Kf2 Ke8 30. Kf3 Ke7 31. Ng4 Bxg4+ 32. Kxg4 b5 33. h4 a5 34. Kf4 Kd7 35. d4 Ke7 36.
Ke3 Kd7 37. Kd3 Kc7 38. Kc2 Kd7 39. Kb3 1-0

[Event "*** Titled Tuesday Blitz"]
[Site "Chess.com"]
[Date "2020.04.07"]
[Round "3"]
[White "Supelyel"]
[Black "flomarechot"]
[Result "1-0"]
[WhiteElo "2378"]
[BlackElo "2169"]
[TimeControl "180+1"]
[EndTime "13:29:16 PDT"]
[Termination "Supelyel won by resignation"]

1. c4 e5 2. Nc3 Nf6 3. g3 d5 4.
cxd5 Nxd5 5. Bg2 Nb6 6. Nf3 Nc6 7. O-O Be7 8. a3 a5 9. Na4 Nxa4 10. Qxa4 O-O 11.
d3 Be6 12. Be3 Qd7 13. Rfc1 h6 14. Qb5 Rab8 15. Nxe5 Nxe5 16. Qxe5 Bf6 17. Qf4 Bxb2 18. Rxc7 Qb5 19. Rb1 Ba2 20. Rxb2 Qxb2 21. Bd4 Qb1+ 22. Bf1 Rbc8 23. Qg4 g6 24. Rxc8 Rxc8 25. Qxc8+ 1-0

[Event "*** Titled Tuesday Blitz"]
[Site "Chess.com"]
[Date "2020.04.07"]
[Round "3"]
[White "Bajecny"]
[Black "Chesswizard_2007"]
[Result "1/2-1/2"]
[WhiteElo "2267"]
[BlackElo "2636"]
[TimeControl "180+1"]
[EndTime "13:29:17 PDT"]
[Termination "Game drawn by agreement"]

1. d4 Nf6 2. Nf3 g6 3. c4 Bg7 4. Nc3 O-O 5. Bg5 d6 6. h3 h6 7. Bh4 c5 8. e3 cxd4 9. Nxd4 Qb6 10. Qb3 Qxb3 11. axb3 Nc6 12. Be2 Bd7 13. O-O a6 14.
Bf3 Rfe8 15. Rfd1 Nh7 16. Nd5 Nxd4 17. exd4 g5 18. Bg3 Rad8 19. Nc7 Rf8 20. Bxb7 Rb8 21. Bxa6 Rxb3 22. Ra2 Rfb8 23. Bb5 Bf5 24. Nd5 Kf8 25.
Ra7 Bf6 26. Rda1 Be6 27. Ra8 Rxa8 28. Rxa8+ Kg7 29. Nxf6 Nxf6 30. d5 Bd7 31. Bxd7 Nxd7 32. Ra7 Nb6 33. Rxe7 Nxc4 34. Rc7 Ne5 35. Bxe5+ dxe5 36. d6 Rxb2 37. d7 Rd2 38. g3 Kf6 39. Rc6+ Ke7 40. Rxh6 Rxd7 41. Ra6 f6 42. Kg2 Kf7 1/2-1/2

[Event "*** Titled Tuesday Blitz"]
[Site "Chess.com"]
[Date "2020.04.07"]
[Round "3"]
[White "ChristianAlm"]
[Black "anon132639"]
[Result "0-1"]
[WhiteElo "2397"]
[BlackElo "2620"]
[TimeControl "180+1"]
[EndTime "13:29:17 PDT"]
[Termination "anon132639 won by resignation"]

1. d4 Nf6 2. Bg5 Ne4 3. Bf4 d5 4. e3 c5 5. Bd3 cxd4 6. exd4 Nc6 7. c3 Bf5 8. Nf3 e6 9. O-O Bd6 10. Bg3 Nxg3 11. hxg3 Bxd3 12. Qxd3 Qf6 13. Nbd2 h5 14. Rfe1 O-O-O 15. a3 Kb8 16. Rac1 g5 17. Qe3 Rdg8 18. Ne5 Bxe5 19. dxe5 Qf5 20. Qf3 Qg6 21. c4 g4 22. Qc3 h4 23. gxh4 Rxh4 24. Nf1 Rgh8 25.
Ng3 d4 26. Qd2 Qh7 27. Kf1 d3 28. f3 gxf3 29. Qf2 fxg2+ 30. Qxg2 Rh2 0-1

[Event "*** Titled Tuesday Blitz"]
[Site "Chess.com"]
[Date "2020.04.07"]
[Round "3"]
[White "poliplaza"]
[Black "TheCavemanChesss"]
[Result "0-1"]
[WhiteElo "2364"]
[BlackElo "2606"]
[TimeControl "180+1"]
[EndTime "13:29:18 PDT"]
[Termination "TheCavemanChesss won on time"]

1. d4 Nf6 2. c4 e6 3. Nc3 Bb4 4.
Bd2 O-O 5. Nf3 b6 6. e3 Bb7 7. Be2 c5 8. a3 Bxc3 9. Bxc3 Ne4 10. Rc1 d6 11. O-O Nd7 12. Be1 f5 13. Nd2 Qg5 14.
d5 Nxd2 15. Qxd2 Nf6 16. f3 exd5 17. cxd5 Rfe8 18. f4 Qg6 19. Bf3 Ne4 20. Qd1 Qf7 21. b4 Bxd5 22. Bh4 Bc6 23. Qd3 d5 24. Rfd1 Rac8 25.
Be1 Rcd8 26. bxc5 bxc5 27. Ba5 Rd7 28. Qa6 Ba4 29. Re1 Re6 30. Qc8+ Re8 31. Qa6 Rd6 32. Qd3 a6 33. Bd2 Bb5 34. Qe2 Bxe2 0-1

[Event "*** Titled Tuesday Blitz"]
[Site "Chess.com"]
[Date "2020.04.07"]
[Round "3"]
[White "Pavlov_Sergey"]
[Black "ShadyH9"]
[Result "1-0"]
[WhiteElo "2540"]
[BlackElo "2286"]
[TimeControl "180+1"]
[EndTime "13:29:18 PDT"]
[Termination "Pavlov_Sergey won on time"]

1. c4 Nf6 2. Nf3 g6 3. d4 Bg7 4. g3 O-O 5. Bg2 d6 6. O-O Nbd7 7. Nc3 e5 8. e4 c6 9. Be3 Ng4 10. Bg5 Bf6 11. Bxf6 Ngxf6 12. Qd2 Re8 13. Rfe1 Qc7 14.
Rad1 Nf8 15. Rc1 Bg4 16. d5 c5 17. h3 Bxf3 18. Bxf3 a6 19. a3 h5 20. Bg2 h4 21. g4 N6h7 22. Nd1 Qe7 23. b4 b6 24. Rb1 Ng5 25. bxc5 bxc5 26. Ne3 Qf6 27. Rb6 Red8 28.
Qe2 Qf4 29. Nf1 Nfh7 30. Reb1 Nf6 31. f3 Ne8 32. Qe3 Qf6 33. a4 Ng7 34. Rc6 Qe7 35.
Rbb6 f5 36. Rxa6 Rxa6 37. Rxa6 fxe4 38. fxe4 Rf8 39. Rb6 Rf4 40. a5 1-0

[Event "*** Titled Tuesday Blitz"]
[Site "Chess.com"]
[Date "2020.04.07"]
[Round "3"]
[White "IAgrest"]
[Black "2165149677570"]
[Result "0-1"]
[WhiteElo "2113"]
[BlackElo "2362"]
[TimeControl "180+1"]
[EndTime "13:29:18 PDT"]
[Termination "2165149677570 won on time"]

1. e4 c5 2. Nf3 d6 3. d4 cxd4 4. Nxd4 Nf6 5. Nc3 a6 6. Bg5 e6 7. f4 b5 8. e5 dxe5 9. fxe5 Qc7 10. exf6 Qe5+ 11. Be2 Qxg5 12. Ne4 Qg6 13. Bf3 Ra7 14. Qe2 Rd7 15. O-O-O gxf6 16. Kb1 Bb7 17. Rhf1 Be7 18. h4 O-O 19. h5 Qg7 20. g4 Rfd8 21. Nb3 Rxd1+ 22.
Rxd1 Rxd1+ 23. Qxd1 Bd5 24. Nc3 Bxf3 25. Qxf3 Qf8 26.
Qb7 Qd8 27. a3 Bd6 28. Nd4 Be5 29. Nb3 Qd6 30. Ne4 Qd1+ 31. Ka2 Qd8 32. g5 fxg5 33. h6 Qd7 34. Qa8 Kf8 35. Nec5 Qc7 0-1

[Event "*** Titled Tuesday Blitz"]
[Site "Chess.com"]
[Date "2020.04.07"]
[Round "3"]
[White "Noukii"]
[Black "Chesstrainer1"]
[Result "1-0"]
[WhiteElo "2732"]
[BlackElo "2451"]
[TimeControl "180+1"]
[EndTime "13:29:19 PDT"]
[Termination "Noukii won by resignation"]

1. d4 Nf6 2. Nf3 g6 3. Bg5 Bg7 4. Nbd2 h6 5. Bh4 g5 6. Bg3 d6 7. c3 Nh5 8. e4 e6 9. Bd3 Nc6 10. Qe2 Qe7 11. O-O-O Bd7 12. Kb1 O-O-O 13. Rhe1 Kb8 14.
Nc4 Nxg3 15. hxg3 g4 16. Nfd2 h5 17. Nb3 Qg5 18. Rh1 h4 19. gxh4 Rxh4 20. Rxh4 Qxh4 21. g3 Qg5 22. Rh1 Rh8 23. Rxh8+ Bxh8 24. Ne3 e5 25. d5 Ne7 26. Nd2 Bg7 27. Ndf1 Bh6 28. a3 Qh5 29. Ka2 Qh1 30. Nxg4 Bxg4 31. Qxg4 a6 32.
c4 Qg2 33. Qh5 Bc1 34. Qxf7 Nc8 35. Kb1 Bg5 36. Qf5 Bh6 37. Be2 Nb6 38. b3 a5 39.
Qf3 Qg1 40. Kc2 Ka7 41. b4 axb4 42. axb4 Qh2 1-0

[Event "*** Titled Tuesday Blitz"]
[Site "Chess.com"]
[Date "2020.04.07"]
[Round "3"]
[White "english_player_89"]
[Black "KuzubovYuriy"]
[Result "0-1"]
[WhiteElo "2569"]
[BlackElo "2818"]
[TimeControl "180+1"]
[EndTime "13:29:23 PDT"]
[Termination "KuzubovYuriy won by resignation"]

1. e4 c6 2. d4 d5 3. Nc3 dxe4 4. Nxe4 Nf6 5. Nxf6+ exf6 6. c3 Bd6 7. Bd3 O-O 8.
Ne2 Re8 9. Qc2 h5 10. O-O h4 11. Bf4 h3 12. Bxd6 hxg2 13. Kxg2 Qxd6 14. Ng3 Nd7 15. Rae1 Rxe1 16. Rxe1 Nf8 17. Qe2 Bd7 18. Qe7 Qd5+ 19.
Be4 Qxa2 20. d5 Re8 21. Qd6 Qxb2 22. dxc6 Bxc6 23. Re3 Rxe4 24. Nxe4 f5 25. Kg3 fxe4 26. f3 exf3 27. Qf4 Qg2+ 28. Kh4 Ng6+ 29. Kh5 Nxf4+ 0-1

[Event "*** Titled Tuesday Blitz"]
[Site "Chess.com"]
[Date "2020.04.07"]
[Round "3"]
[White "Zq1"]
[Black "annamaja"]
[Result "1-0"]
[WhiteElo "2541"]
[BlackElo "2262"]
[TimeControl "180+1"]
[EndTime "13:29:23 PDT"]
[Termination "Zq1 won on time"]

1. d4 Nf6 2. c4 e6 3. g3 Bb4+ 4. Nd2 d5 5. Bg2 O-O 6. Nf3 dxc4 7. Qc2 b5 8. a4 Bd7 9. O-O a5 10. Ne5 Ra7 11. axb5 Bxb5 12. Ndxc4 Ra6 13. Rd1 Nc6 14. Nxc6 Bxc6 15. e4 Qa8 16. f3 Rd8 17. Be3 Bb5 18.
Na3 Be8 19. Qxc7 Rc6 20. Qf4 Nh5 21. Qh4 f6 22. g4 g5 23. Qf2 Ng7 24. f4 Rcc8 25.
e5 Bc6 26. exf6 Bxg2 27. Qxg2 Qxg2+ 28. Kxg2 gxf4 29. Bxf4 Ne8 30. Be5 Kf7 31. Rac1 Rxc1 32. Rxc1 Nxf6 33. Rf1 1-0

[Event "*** Titled Tuesday Blitz"]
[Site "Chess.com"]
[Date "2020.04.07"]
[Round "3"]
[White "Jabberwockiez"]
[Black "ZWISCHENZUGGED"]
[Result "1-0"]
[WhiteElo "2302"]
[BlackElo "2528"]
[TimeControl "180+1"]
[EndTime "13:29:23 PDT"]
[Termination "Jabberwockiez won by resignation"]

1. e4 c5 2. Nc3 Nc6 3. Nf3 e6 4. d4 cxd4 5. Nxd4 Qc7 6. Be3 a6 7. f4 b5 8. Qf3 Bb7 9. O-O-O Rc8 10. Bd3 Nf6 11. Kb1 Be7 12. g4 Nxd4 13. Bxd4 d5 14.
e5 Nd7 15. f5 Nxe5 16. Bxe5 Qxe5 17. fxe6 fxe6 18. Rhe1 Qd6 19. Qh3 b4 20. Qh5+ Kd7 21. Rxe6 Qxe6 22. Bf5 bxc3 23. Re1 Qxf5 24. Qxf5+ Kd8 25.
Qe5 Re8 26. Qxg7 cxb2 27. Qxh7 Rc7 28. g5 Rd7 29. g6 Bf6 30. Rxe8+ Kxe8 31. Qg8+ Ke7 32.
Qf7+ Kd8 33. Qxf6+ 1-0

[Event "*** Titled Tuesday Blitz"]
[Site "Chess.com"]
[Date "2020.04.07"]
[Round "3"]
[White "PenguinPacks"]
[Black "King_of_the_wing"]
[Result "1-0"]
[WhiteElo "2339"]
[BlackElo "2030"]
[TimeControl "180+1"]
[EndTime "13:29:24 PDT"]
[Termination "PenguinPacks won by resignation"]

1. e4 e6 2. d4 d5 3. Nc3 Nf6 4. e5 Nfd7 5. f4 c5 6. Nf3 Nc6 7. Be3 cxd4 8. Nxd4 Bc5 9. Qd2 Nxd4 10. Bxd4 Bxd4 11.
Qxd4 Qb6 12. O-O-O O-O 13. g3 f6 14. exf6 Rxf6 15.
Bg2 Qxd4 16. Rxd4 Nb6 17. Re1 Bd7 18. Bh3 Rh6 19. Bg4 Rxh2 20. Bxe6+ Bxe6 21. Rxe6 Kf7 22. Re5 Rh1+ 23. Nd1 Re8 24. Rxe8 Kxe8 25. b3 Ke7 26. Kb2 Rg1 27. Ne3 Ke6 28. g4 Rg3 29. Rd3 d4 30.
f5+ Ke5 31. f6 dxe3 32. Rxe3+ Rxe3 33. fxg7 Nd5 34. g8=Q Re4 35. g5 b5 36. a3 a5 37.
Qh8+ Kf5 38. Qxh7+ Kf4 39. Qf7+ Ke5 40. g6 b4 41. g7 1-0

[Event "*** Titled Tuesday Blitz"]
[Site "Chess.com"]
[Date "2020.04.07"]
[Round "3"]
[White "Lony7"]
[Black "Lagmantr"]
[Result "0-1"]
[WhiteElo "2425"]
[BlackElo "2730"]
[TimeControl "180+1"]
[EndTime "13:29:25 PDT"]
[Termination "Lagmantr won by resignation"]

1. e4 c6 2. Nf3 d5 3. Nc3 dxe4 4. Nxe4 Nf6 5. Qe2 Nxe4 6. Qxe4 Nd7 7. Bc4 Nf6 8. Qe2 Bf5 9. O-O e6 10. d4 Bd6 11. h3 O-O 12. c3 h6 13. Re1 Nd5 14.
Ne5 Qh4 15. Qf3 Rad8 16. Bf1 c5 17. g3 Qe7 18. Nc4 cxd4 19. cxd4 Nb4 20. Ne3 Bg6 21. a3 Nc6 22. d5 Nd4 23. Qg4 e5 24. Bg2 Qd7 25.
Qxd7 Rxd7 26. Bd2 Rc8 27. Rac1 Rxc1 28. Rxc1 Ne2+ 29. Kf1 Nxc1 30. Bxc1 Bc5 31. Ke2 f6 32. b4 Bb6 33. Nc4 Bf7 34. Nxb6 axb6 35. Be3 Bxd5 36.
Bxd5+ Rxd5 37. Bxb6 Kf7 38. a4 Ke6 39. a5 e4 40. Ke3 f5 41. g4 Rd3+ 42. Ke2 Rxh3 43. gxf5+ Kxf5 44. b5 Rb3 45. a6 bxa6 46. bxa6 Rxb6 47.
a7 Ra6 0-1

[Event "*** Titled Tuesday Blitz"]
[Site "Chess.com"]
[Date "2020.04.07"]
[Round "3"]
[White "AsselLesbekova"]
[Black "DoHoChess"]
[Result "1-0"]
[WhiteElo "2311"]
[BlackElo "2542"]
[TimeControl "180+1"]
[EndTime "13:29:25 PDT"]
[Termination "AsselLesbekova won by resignation"]

1. e4 c5 2. Nf3 e6 3. c4 Nc6 4. Be2 Nf6 5. d3 d5 6. exd5 exd5 7. O-O d4 8. Re1 Be7 9. h3 O-O 10. Bf4 Bd6 11. Qd2 h6 12. a3 b6 13. Nh4 Qc7 14.
Bxd6 Qxd6 15. b4 Bd7 16. bxc5 bxc5 17. Qc2 Rfe8 18. Nd2 Re7 19. Rab1 Rae8 20. Nb3 Ne5 21. Qd2 Bc6 22. Nf5 Qe6 23. Nxe7+ Rxe7 24. Nxc5 Qf5 25. Bf1 Nf3+ 26. gxf3 Qxf3 27. Rb8+ Kh7 28. Ne4 Nxe4 29. dxe4 Rxe4 30. Qd3 f5 31. Qxf3 1-0

[Event "*** Titled Tuesday Blitz"]
[Site "Chess.com"]
[Date "2020.04.07"]
[Round "3"]
[White "igorkovalenko"]
[Black "hedgehog280"]
[Result "1-0"]
[WhiteElo "2905"]
[BlackElo "2644"]
[TimeControl "180+1"]
[EndTime "13:29:26 PDT"]
[Termination "igorkovalenko won by resignation"]

1. d4 d5 2. c4 e6 3. Nc3 a6 4. cxd5 exd5 5. Qb3 Nf6 6. Bg5 c6 7.
e3 Be7 8. Bd3 O-O 9. Nge2 Be6 10. Qxb7 Nbd7 11. Qxc6 Nb6 12. Bxf6 Bxf6 13. Nf4 Re8 14. Qc5 Rc8 15. Qa5 Qd6 16. Nxe6 fxe6 17. O-O Nc4 18. Bxc4 Rxc4 19. Rfc1 Rb8 20. Nd1 Rbc8 21.
Rxc4 Rxc4 22. Qd2 Qc6 23. Nc3 Be7 24. a3 Bd8 25. Rc1 Ba5 26. g3 h5 27. h4 g6 28.
Qc2 Kg7 29. Qb3 Bc7 30. Rd1 Qd7 31. Rd3 Qc6 32. Kg2 Qd7 33. Qb7 Qd6 34. Ne2 Rc2 35. Nf4 Kf7 36. Rc3 Rxc3 37. bxc3 Qb6 38. Qxb6 Bxb6 39.
a4 Ba5 40. Ne2 Bc7 41. Kf1 Kf6 42. Ke1 Kf5 43. f3 e5 44. dxe5 Bxe5 45. Kd2 a5 46. Kd3 Ke6 47. c4 dxc4+ 48. Kxc4 1-0

[Event "*** Titled Tuesday Blitz"]
[Site "Chess.com"]
[Date "2020.04.07"]
[Round "3"]
[White "vlad_Sid"]
[Black "Misticpikachu"]
[Result "1-0"]
[WhiteElo "2631"]
[BlackElo "2228"]
[TimeControl "180+1"]
[EndTime "13:29:26 PDT"]
[Termination "vlad_Sid won on time"]

1. Nf3 d5 2. c4 e6 3. g3 Nf6 4. Bg2 Be7 5. O-O O-O 6. d4 dxc4 7. Qc2 a6 8. a4 Bd7 9. Qxc4 Bc6 10. Bf4 Nd5 11. Bd2 b5 12. Qc2 bxa4 13. Ne5 Bb5 14. Nc3 Nxc3 15. bxc3 Ra7 16. c4 Be8 17. Bc3 c5 18. d5 exd5 19. cxd5 Bb5 20. Rfd1 Bf6 21. Nd3 Re8 22. e4 Nd7 23. Bxf6 Qxf6 24. f4 Qd4+ 25. Kh1 Nf6 26. Nf2 Qb4 27. e5 Nd7 28.
Rab1 Qa5 29. Ne4 a3 30. Nd6 Ba4 31. Qf5 1-0

[Event "*** Titled Tuesday Blitz"]
[Site "Chess.com"]
[Date "2020.04.07"]
[Round "3"]
[White "TheBigBoss04"]
[Black "Stameny"]
[Result "1-0"]
[WhiteElo "2791"]
[BlackElo "2461"]
[TimeControl "180+1"]
[EndTime "13:29:26 PDT"]
[Termination "TheBigBoss04 won by resignation"]

1. Nf3 Nf6 2. g3 d5 3. Bg2 c6 4.
O-O Bf5 5. c4 e6 6. d3 Nbd7 7.
cxd5 exd5 8. Nc3 Be7 9. Nh4 Be6 10. e4 dxe4 11. dxe4 O-O 12. h3 Qb6 13. Kh2 Rad8 14. Qc2 Ne5 15. Bf4 Nfd7 16. Nf5 Bxf5 17. exf5 Rfe8 18.
Rad1 Bf8 19. Bg5 f6 20. Be3 Qa5 21. a3 Kh8 22. Bd4 Qc7 23. Nd5 Qb8 24. Nf4 Nb6 25.
Ne6 Rd7 26. f4 Nf7 27. Bxb6 Rxd1 28. Bc7 Rxf1 29. Bxb8 Re1 30. Bxa7 Nd8 31. Bf2 Ra1 32. Nxf8 Rxf8 33. Qe2 Nf7 34. Qe7 Kg8 35. Bf3 Rd8 36.
Be2 Rc1 37. Bb6 Rc8 38. Qe6 Ra8 39. Bc4 Rc2+ 40. Kg1 Rf8 41. Bc5 Rxc4 42. Qxc4 Re8 43.
Kf2 h5 44. g4 hxg4 45. hxg4 Rd8 46. g5 fxg5 47. fxg5 Rd5 48. g6 Nh6 49. Qe4 Rxf5+ 50. Kg3 Rg5+ 51. Kh4 Rg4+ 52. Qxg4 Nxg4 53. Kxg4 1-0